 Dungeon Crawl Stone Soup version 0.29-a0-330-g52719c12eb (webtiles) character file.

Game seed: 17525716757401190288

37 HoaS the Bolt Thrower (level 3, -2/27 HPs)
             Began as a Formicid Hunter on May 18, 2022.
             Slain by Terence
             ... wielding a +6 trident of protection
              (11 damage)
             ... on level 2 of the Dungeon.
             The game lasted 00:02:50 (865 turns).

HoaS the Bolt Thrower (Formicid Hunter)              Turns: 865, Time: 00:02:51

Health: -2/27      AC:  4    Str: 15    XL:     3   Next: 62%
Magic:  0/3        EV: 12    Int:  8    God:
Gold:   33         SH:  0    Dex: 16    Spells: 2/2 levels left

rFire   . . .      SeeInvis +   a - +1 hand crossbow
rCold   . . .      Faith    .   (no shield)
rNeg    . . .      Spirit   +   b - +1 leather armour
rPois   .          Reflect  .   (helmet unavailable)
rElec   .          Harm     .   (no cloak)
rCorr   .          Rampage  .   (no gloves)
Will    .....                   (no boots)
Stlth   ++........              d - amulet of guardian spirit
HPRegen 0.09/turn               (no ring)
MPRegen 0.08/turn               (no ring)

@: no status effects
A: permanent stasis, dig shafts and tunnels, antennae 3, four strong arms
a: Dig, Shaft Self


You were on level 2 of the Dungeon.
You visited 1 branch of the dungeon, and saw 2 of its levels.

You collected 33 gold pieces.

Inventory:

Hand Weapons
 a - a +1 hand crossbow (weapon)
Armour
 b - a +1 leather armour (worn)
Jewellery
 d - an amulet of guardian spirit (around neck)
Scrolls
 c - a scroll of immolation
 e - a scroll of fear


   Skills:
 - Level 2.1 Fighting
 + Level 5.1 Crossbows
 - Level 1.7 Dodging
 - Level 1.2 Stealth


You had 2 spell levels left.
You didn't know any spells.
Your spell library was empty.

Dungeon Overview and Level Annotations

Branches:
Dungeon (2/15)

Altars:

Annotations:
D:2 Terence


Innate Abilities, Weirdness & Mutations

You cannot be hasted, slowed, berserked, paralysed or teleported.
You can dig through walls and to a lower floor.
You have a pair of large antennae on your head. (SInv)
Your four strong arms can wield two-handed weapons with a shield.


Message History

You hear a shout!
You shoot a bolt. The bolt closely misses the hobgoblin.
Terence the Incautious comes into view.
He is wielding a +6 trident of protection.
You shoot a bolt. The bolt closely misses the hobgoblin.
The hobgoblin barely misses you.
You shoot a bolt. The bolt hits the hobgoblin.
The hobgoblin is severely wounded.
Terence barely misses you. The hobgoblin barely misses you.
You shoot a bolt.
The bolt hits the hobgoblin but does no damage.
The hobgoblin is severely wounded.
Terence hits you from afar with a +6 trident of protection.
The hobgoblin misses you.
You shoot a bolt. The bolt hits the hobgoblin.
You kill the hobgoblin!
Terence hits you from afar with a +6 trident of protection!
Terence closely misses you.
You aren't carrying any potions.
Non-targeted abil: Dig
Press: ? - help, Q - select action, (/) - cycle Dir - look around, f - activate
Okay, then.
Terence is nearby!
You shoot a bolt. The bolt hits Terence!
Terence is moderately wounded.
Terence hits you from afar with a +6 trident of protection!
You are too injured to fight recklessly!
Shoot: a) +1 hand crossbow
Press: ? - help, Q - select action, (/) - cycle Shift-Dir - straight line, f/p - Terence
Aim: Terence, wielding a +6 trident of protection and wearing a +0 scale mail (moderately wounded, 69% to hit)
You shoot a bolt. The bolt closely misses Terence.
Terence says, "How do you enjoy it?" Terence closely misses you.
Shoot: a) +1 hand crossbow
Press: ? - help, Q - select action, (/) - cycle Shift-Dir - straight line, f/p - Terence
Aim: Terence, wielding a +6 trident of protection and wearing a +0 scale mail (moderately wounded, 69% to hit)
You shoot a bolt.
The bolt hits Terence but does no damage.
Terence is moderately wounded.
Terence hits you from afar with a +6 trident of protection!
You die...

#. #. #. #.##
...###. ..###.# #.
.....# #.....#
#.##....####@#
#.##.......#.#
#.##....#..#@#
#.##.#.##..#.######
#.##.#.##...........
#............#######
#....###.....#
#.#.## ##.##.# #.#.#
#....# #.#<## #.....
#.##.###.##....


You could see Terence.

Vanquished Creatures
  A dart slug (D:2)
  2 ball pythons
  3 bats (D:1)
  6 endoplasms (D:1)
  A giant cockroach (D:1)
  3 goblins (D:1)
  A hobgoblin (D:2)
  2 jackals (D:1)
  7 kobolds (D:1)
  A quokka (D:1)
  A frilled lizard (D:1)
  A rat (D:1)
29 creatures vanquished.

Notes
Turn   | Place    | Note
-------+----------+-------------------------------------------
     0 | D:1      | HoaS the Formicid Hunter began the quest for the Orb.
     0 | D:1      | Reached XP level 1. HP: 16/16 MP: 1/1
     7 | D:1      | Found a faded altar of an unknown god.
   139 | D:1      | Reached XP level 2. HP: 22/22 MP: 2/2
   313 | D:1      | Reached XP level 3. HP: 21/27 MP: 3/3
   400 | D:1      | Reached skill level 5 in Crossbows
   856 | D:2      | Noticed Terence
   865 | D:2      | Slain by Terence

Illustrated notes

Levels and vault maps discovered:
D:1:      dpeg_arrival_houses_and_road, layout_loops_ring,
          basic_ecumenical_altar
D:2:      layout_loops_ring, basic_altar, hex_tiny, amethyst_killhole,
          minmay_randomly_rotated_circles, uniq_terence

Skill      XL: |  1  2  3 |
---------------+----------+-----
Crossbows      | 5 |  5.1
Fighting       | |  2.1
Dodging        | |  1.7
Stealth        | |  1.2

Action                   || total
-------------------------++-------
 Fire: Hand crossbow     ||    68
  Use: Scroll            ||     4
Armor: Leather armour    ||    10
Dodge: Dodged            ||    23

Table legend: (Time is in decaauts)
 A = Elapsed time spent in this place.
 B = Non-inter-level travel time spent in this place.
 C = Inter-level travel time spent in this place.
 D = Time resting spent in this place.
 E = Time spent auto-exploring this place.
 F = Levels seen in this place.
 G = Mean time per level.
                   A        B        C        D        E       F      G
               +--------+--------+--------+--------+--------+-----+--------+
         Total |    884 |    864 |     20 |      0 |    706 |   2 |  442.0 |
       Dungeon |    884 |    864 |     20 |      0 |    706 |   2 |  442.0 |
               +--------+--------+--------+--------+--------+-----+--------+

Top non-repeatable levels by time:
     D:1: 836 daAuts
     D:2: 48 daAuts
